 Dungeon Sprint DCSS version 0.19.4-8-ga85b6b9 (webtiles) character file.

142 Groucho the Shield-Bearer (level 5, 0/47 HPs)
             Began as a Formicid Fighter on Feb 13, 2017.
             Succumbed to a scorpion's poison
             ... in the Dungeon (Sprint IX: "|||||||||||||||||||||||||||||") on Feb 15, 2017.
             The game lasted 00:02:20 (344 turns).

Groucho the Shield-Bearer (Formicid Fighter)         Turns: 344, Time: 00:02:20

Health: 0/47       AC:  7    Str: 21    XL:     5   Next: 50%
Magic:  5/5        EV:  9    Int:  8    God:
Gold:   0          SH: 10    Dex: 10    Spells: 0 memorised, 4 levels left

rFire  . . .     SeeInvis +     a - +0 quarterstaff
rCold  . . .     Gourm    .     b - +0 scale mail
rNeg   . . .     Faith    .     c - +0 shield
rPois  .         Spirit   .     (helmet unavailable)
rElec  .         Reflect  .     (no cloak)
rCorr  .         Harm     .     (no gloves)
MR     .....                    (no boots)
Stlth  ..........               (no amulet)
                                (no ring)
                                (no ring)

@: lethally poisoned (0 -> -3)
A: permanent stasis, dig shafts and tunnels, four strong arms, antennae 3
a: Dig


You were in the Dungeon.
You were not hungry.

You visited 1 branch

Inventory:

Hand Weapons
 a - a +0 quarterstaff (weapon)
Armour
 b - a +0 scale mail (worn)
 c - a +0 shield (worn)
Scrolls
 k - a scroll of blinking
Potions
 d - a potion of might
 h - a potion of haste
 i - 2 potions of magic
 j - a potion of berserk rage
Comestibles
 f - a bread ration


   Skills:
 + Level 6.5 Fighting
 + Level 5.3 Staves
 + Level 6.3 Armour
 + Level 7.0 Shields


You had 4 spell levels left.
You didn't know any spells.

Dungeon Overview and Level Annotations

Branches:
Dungeon (1/1)

Altars:
Cheibriados
Dithmenos
Elyvilon
Fedhas
Gozag
Hepliaklqana
Kikubaaqudgha
Makhleb
Beogh
Jiyva
Lugonu


Innate Abilities, Weirdness & Mutations

You are under a permanent stasis effect.
You can dig through walls and to a lower floor.
Your four strong arms can wield two-handed weapons with a shield.
You have a pair of large antennae on your head. (SInv)


Message History

a scorpion corpse x2
* * * LOW HITPOINT WARNING * * *
You feel sick.
* * * LOW HITPOINT WARNING * * *
You feel sick.
You open the door.
* * * LOW HITPOINT WARNING * * *
You feel sick.
Found six altars.
Found a hazy altar of Hepliaklqana.
There is an open door to the Temple here.
* * * LOW HITPOINT WARNING * * *
You feel sick.
Found a viscous altar of Jiyva.
There is a roughly hewn altar of Beogh here.
Found an ancient bone altar of Kikubaaqudgha.
There is a snail-covered altar of Cheibriados here.
Found a corrupted altar of Lugonu.
There is a shadowy altar of Dithmenos here.
You die...

▓.▓
▓.▓
▓.▓
▓.▓
▓'▓
▓_▓
▓_▓
▓_▓
▓@▓
▓_▓
▓_▓
{
▓_▓
{
▓_▓
{
▓_▓
{
▓_▓
▓_▓


There were no monsters in sight!

Vanquished Creatures
  2 scorpions (D)
  A howler monkey (D)
  An adder zombie (D)
  2 hobgoblins (D)
  A bat (D)
  A giant cockroach zombie (D)
  A kobold (D)
  A rat (D)
10 creatures vanquished.

Notes
Turn   | Place    | Note
-------+----------+-------------------------------------------
     0 | D        | Groucho the Formicid Fighter began the quest for the Orb.
     0 | D        | Reached XP level 1. HP: 18/18 MP: 1/1
    10 | D        | Reached skill level 4 in Shields
   282 | D        | Noticed a howler monkey
   282 | D        | Noticed a scorpion
   282 | D        | Noticed a scorpion
   291 | D        | Killed a howler monkey
   291 | D        | Reached skill level 5 in Fighting
   291 | D        | Reached skill level 5 in Shields
   291 | D        | Reached XP level 2. HP: 22/27 MP: 2/2
   291 | D        | Reached XP level 3. HP: 27/33 MP: 3/3
   318 | D        | Killed a scorpion
   318 | D        | Reached skill level 5 in Armour
   318 | D        | Reached skill level 6 in Shields
   318 | D        | Reached XP level 4. HP: 15/40 MP: 4/4
   331 | D        | Reached skill level 5 in Staves
   331 | D        | Reached skill level 7 in Shields
   331 | D        | Reached XP level 5. HP: 6/47 MP: 5/5
   337 | D        | HP: 2/47 [poisoned by a scorpion]
   339 | D        | Found a roughly hewn altar of Beogh.
   339 | D        | Found a snail-covered altar of Cheibriados.
   339 | D        | Found a shadowy altar of Dithmenos.
   339 | D        | Found a white marble altar of Elyvilon.
   339 | D        | Found a blossoming altar of Fedhas.
   339 | D        | Found an opulent altar of Gozag.
   340 | D        | Found a hazy altar of Hepliaklqana.
   341 | D        | Found a viscous altar of Jiyva.
   342 | D        | Found an ancient bone altar of Kikubaaqudgha.
   343 | D        | Found a corrupted altar of Lugonu.
   344 | D        | Found a burning altar of Makhleb.
   344 | D        | Succumbed to a scorpion's poison

Skill      XL: |  1  2  3  4 |
---------------+-------------+-----
Shields        | 5 6 7 |  7.0
Fighting       | 5 6 |  6.5
Staves         | 3 4 5 |  5.3
Armour         | 4 5 6 |  6.3

Action                   |  1- 3 |  4- 6 || total
-------------------------+-------+-------++-------
Melee: Quarterstaff      |    45 |    12 ||    57
  Use: Potion            |     1 |     1 ||     2
Armor: Scale mail        |     8 |     3 ||    11
Dodge: Dodged            |    13 |       ||    13
Block: Shield            |    17 |     4 ||    21
